 Dungeon Crawl Stone Soup version 0.31-a0-43-g46d131a48f (webtiles) character file.

Game seed: 10411259777847495825

10777 pk666 the Thaumaturge (level 11, -2/54 HPs)
             Began as a Deep Elf Fire Elementalist on May 20, 2023.
             Was a Believer of Vehumet.
             Engulfed by a cloud of freezing vapour (23 damage)
             ... in an ice cave.
             The game lasted 00:22:13 (11935 turns).

pk666 the Thaumaturge (Deep Elf Fire Elementalist) Turns: 11935, Time: 00:22:14

Health: -2/54      AC:  5    Str:  5    XL:     11   Next: 40%
Magic:  29/29      EV: 23    Int: 31    God:    Vehumet [**....]
Gold:   738        SH:  0    Dex: 15    Spells: 27/34 levels left

rFire   . . .        u - +0 dagger
rCold   . . .        (no shield)
rNeg    . . .        a - +0 robe
rPois   .            Q - +2 hat
rElec   .            y - scarf {repulsion}
rCorr   .            e - +0 pair of gloves
SInv    .            (no boots)
Will    +....        (no amulet)
Stlth   ++           j - +5 ring of evasion
HPRegen 0.29/turn    r - +6 ring of intelligence
MPRegen 0.21/turn

%: repel missiles
@: no status effects
A: no striking features
a: Renounce Religion


You were in an ice cave.
You worshipped Vehumet.
Vehumet was pleased with you.
You visited 2 branches of the dungeon, and saw 12 of its levels.
You also visited: Ice Cave.

You collected 764 gold pieces.
You spent 26 gold pieces at shops.

Inventory:

Hand Weapons
 u - a +0 dagger (weapon)
 D - the +0 short sword of Beyond {heavy, rC+++ Will- rCorr Int+3}
   (You found it on level 5 of the Dungeon)

   Int:       It affects your intelligence (+3).
   rC:        It renders you almost immune to cold.
   rCorr:     It protects you from acid and corrosion.
   Will:      It decreases your willpower.
Missiles
 l - 3 throwing nets
Armour
 a - a +0 robe (worn)
 e - a +0 pair of gloves (worn)
 y - a scarf of repulsion (worn)
 Q - a +2 hat (worn)
Jewellery
 j - a +5 ring of evasion (left hand)
 r - a +6 ring of intelligence (right hand)
 s - a +6 ring of dexterity
 t - an amulet of faith
 w - a ring of ice
 B - a ring of wizardry
 C - the ring of Bis Ykoh {rC+ rCorr}
   (You found it on level 5 of the Dungeon)

   [ring of resist corrosion]

   rC:        It protects you from cold.
   rCorr:     It protects you from acid and corrosion.
 J - a ring of fire
 O - a ring of wizardry
 R - a +4 ring of protection
 T - a ring of magical power
Wands
 F - a wand of paralysis (8)
 H - a wand of flame (26)
 N - a wand of light (7)
 S - a wand of iceblast (7)
Scrolls
 c - a scroll of noise {unknown}
 d - 9 scrolls of identify
 g - 5 scrolls of fear {unknown}
 h - 3 scrolls of teleportation {unknown}
 i - a scroll of magic mapping {unknown}
 k - 2 scrolls of amnesia {unknown}
 m - 4 scrolls of fog {unknown}
 p - 2 scrolls of enchant armour {unknown}
 q - a scroll of blinking {unknown}
 v - a scroll of butterflies {unknown}
 A - a scroll of brand weapon {unknown}
 E - 2 scrolls of enchant weapon {unknown}
 G - a scroll of vulnerability {unknown}
 L - 2 scrolls of poison {unknown}
 M - 3 scrolls of immolation {unknown}
Potions
 b - 4 potions of magic
 f - 3 potions of brilliance
 n - 3 potions of curing
 o - 2 potions of haste
 x - a potion of lignification {unknown}
 z - a potion of cancellation {unknown}
 I - a potion of mutation {unknown}
 K - 4 potions of might {unknown}
 P - a potion of resistance


   Skills:
 + Level 11.1 Dodging
 - Level 2.4 Stealth
 + Level 12.2 Spellcasting
 + Level 10.0 Conjurations
 + Level 10.6 Fire Magic


You had 27 spell levels left.
You knew the following spells:

 Your Spells              Type           Power      Damage    Failure   Level
a - Foxfire               Conj/Fire      100%       2x1d9     1%          1
b - Scorch                Fire           100%       2d9       1%          2
c - Flame Wave            Conj/Fire      70%        2d16      1%          4

Your spell library contained the following spells:

 Spells                   Type           Power      Damage    Failure   Level
 Sandblast                Erth           36%        2d10      2%          1
 Hailstorm                Conj/Ice       50%        3d11      1%          3
 Ignite Poison            Fire/Tmut/Pois 40%        N/A       1%          3
 Inner Flame              Hex/Fire       51%        N/A       1%          3
 Volatile Blastmotes      Fire/Tloc      100%       2d18      1%          3
 Sticky Flame             Conj/Fire      70%        2d8       1%          4
 Freeze                   Ice            72%        1d8       2%          1
 Frozen Ramparts          Ice            36%        1d6       8%          3
 Tukima's Dance           Hex            18%        N/A       8%          3
 Manifold Assault         Tloc           18%        N/A       26%         4
 Passage of Golubria      Tloc           18%        N/A       26%         4
 Alistair's Intoxication  Tmut/Pois      12%        N/A       58%         5
 Borgnjor's Vile Clutch   Necr/Erth      9%         N/A       58%         5
 Yara's Violent Unravell  Hex/Tmut       9%         3d6       58%         5
 Ignition                 Fire           35%        3d11      92%         8
 Dispersal                Tloc           9%         N/A       99%         6
 Eringya's Noxious Bog    Tmut/Pois      9%         N/A       99%         6
 Disjunction              Tloc           9%         N/A       100%        8


Dungeon Overview and Level Annotations

Branches:
Dungeon (11/15)            Temple (1/1) D:7            Lair (0/5) D:8
  IceCv (1/1)
    Orc: D:9-12

Altars:
Ashenzari
Cheibriados
Dithmenos
Elyvilon
Fedhas
Gozag
Hepliaklqana
Kikubaaqudgha
Makhleb
Nemelex Xobeh
Okawaru
Qazlal
Ru
Sif Muna
Trog
Uskayaw
Vehumet
Wu Jian
Xom
Yredelemnul
Zin
The Shining One

Shops:
D:2 ?[(   D:10 (


Message History

Your foxfire completely resists. (Press . to intensify the flame waves.)
Your Conjurations skill increases to level 10!
A wave of flame ripples out!
The flame wave engulfs your foxfire.
Your foxfire completely resists.
A wave of flame ripples out!
The flame wave engulfs your foxfire.
Your foxfire completely resists.
The flame wave engulfs the yak.
The yak is lightly wounded.
You finish channelling waves of flame.
The yak gores you!
Flames lash the yak.
The yak is moderately wounded.
The yak's fire resistance burns away.
The yak closely misses you.
Flames lash the yak.
The yak is burned terribly!
The yak is almost dead.
The yak misses you.
Flames lash the yak.
The yak is burned terribly!
You kill the yak!
Vehumet accepts your kill.
You feel your power returning.
You start resting.
HP restored.
You start resting.
Magic restored.
Items here: ††††.
h - 3 scrolls labelled VUKHAE LEFETE (gained 1)
Found 4 stones.
You now have 711 gold pieces (gained 32).
You now have 738 gold pieces (gained 27).
You see here 4 stones.
You are engulfed in freezing vapours.
Ouch! That really hurt!
You see here 4 stones.
You start resting.
You are engulfed in freezing vapours.
Okay, then.
Okay, then.
You are engulfed in freezing vapours.
You die...

#.# #≈ .. ≈≈ ##.#
#≈ #.. ≈≈ #.## #.
##..# ##. ##.#.#
##.. ##.##.##
###... #@#§#..#
##†#.#.
##§###.#####.†.##.
##§#.##.##.#.#.##.
##§.§..#.#....#.#.#
#☼○§§§.#...#.####.#
#☼§§§§§##.######.#≈
##§§.○☼.####....#≈≈
#§○..○.###.####≈≈#
##.☼§○☼##..##.##≈##


There were no monsters in sight!

Vanquished Creatures
  Pikel (D:6)
  3 trolls
  3 polar bears (IceCv)
  Prince Ribbit (D:8)
  2 hornets (D:9)
  A shadow (D:9)
  A vampire (D:6)
  A spriggan (D:9)
  A wraith (D:10)
  14 yaks (IceCv)
  4 steam dragons (D:8)
  Menkaure (D:6)
  4 water moccasins
  A black bear (D:8)
  4 orc warriors
  An ice beast (D:6)
  2 ogres
  12 wolves (IceCv)
  6 centaurs
  4 kobold brigands
  A phantom (D:5)
  4 lemures (D:6)
  3 bullfrogs
  3 scorpions
  A gnoll sergeant (D:9)
  18 killer bees
  A howler monkey (D:8)
  4 hounds
  2 jellies
  A sleepcap (D:5)
  6 orc priests
  An iguana (D:7)
  Natasha (thrice) (D:2)
  9 orc wizards
  8 adders
  8 gnolls
  A river rat (D:4)
  A shadow imp (D:5)
  2 white imps (D:5)
  4 ufetubi
  6 worms
  2 dart slugs
  19 orcs
  3 bats
  5 endoplasms
  5 giant cockroaches
  5 hobgoblins
  6 jackals (D:4)
  18 kobolds
  4 quokkas
  3 ball pythons
  A frilled lizard (D:3)
  7 goblins
  6 rats
  A butterfly (D:7)
239 creatures vanquished.

Vanquished Creatures (collateral kills)
  4 foxfires
4 creatures vanquished.

Vanquished Creatures (others)
  480 foxfires
480 creatures vanquished.

Grand Total: 723 creatures vanquished

Notes
Turn   | Place    | Note
-------+----------+-------------------------------------------
     0 | D:1      | pk666 the Deep Elf Fire Elementalist began the quest for
                  | the Orb.
     0 | D:1      | Reached XP level 1. HP: 10/10 MP: 6/6
   405 | D:1      | Reached XP level 2. HP: 15/15 MP: 2/8
   482 | D:1      | Learned a level 2 spell: Scorch
  1244 | D:2      | Noticed Natasha
  1250 | D:2      | Killed Natasha
  1251 | D:2      | Reached XP level 3. HP: 19/19 MP: 6/10
  1363 | D:2      | Noticed Natasha
  1372 | D:2      | Killed Natasha
  1460 | D:2      | Noticed Natasha
  1466 | D:2      | Killed Natasha
  1467 | D:2      | Reached skill level 4 in Spellcasting
  1467 | D:2      | Reached XP level 4. HP: 24/24 MP: 8/12
  1537 | D:2      | Found Goduuss's Magic Scroll Shop.
  1544 | D:2      | Bought a scroll of identify for 26 gold pieces
  1558 | D:2      | Found Asmas's Antique Weapon Shop.
  1570 | D:2      | Found Qiofeb's Antique Armour Shop.
  2046 | D:3      | Found an opulent altar of Gozag.
  2323 | D:3      | Found a glowing golden altar of the Shining One.
  2374 | D:3      | Found a bloodstained altar of Trog.
  2529 | D:3      | Found an iron altar of Okawaru.
  2775 | D:4      | Reached XP level 5. HP: 28/28 MP: 9/13
  3019 | D:4      | Reached XP level 6. HP: 27/32 MP: 6/15
  3031 | D:4      | Reached skill level 5 in Spellcasting
  3700 | D:4      | Learned a level 4 spell: Flame Wave
  3834 | D:4      | Reached skill level 5 in Fire Magic
  4017 | D:5      | Entered Level 5 of the Dungeon
  4025 | D:5      | Reached skill level 5 in Dodging
  4025 | D:5      | Reached XP level 7. HP: 36/36 MP: 9/17
  4217 | D:5      | Identified the +0 short sword of Beyond {heavy, rC+++ Will-
                  | rCorr Int+3}
  4663 | D:5      | Reached skill level 6 in Spellcasting
  5009 | D:5      | Found a faded altar of an unknown god.
  5009 | D:5      | Found an ornate altar of the Wu Jian Council.
  5016 | D:5      | Found an ancient bone altar of Kikubaaqudgha.
  5018 | D:5      | Found a glowing silver altar of Zin.
  5045 | D:5      | Found a stormy altar of Qazlal.
  5050 | D:5      | Identified the ring of Bis Ykoh {rC+ rCorr}
  5221 | D:6      | Reached skill level 5 in Conjurations
  5221 | D:6      | Reached XP level 8. HP: 35/41 MP: 4/20
  5410 | D:6      | Reached skill level 7 in Spellcasting
  5651 | D:6      | Noticed Pikel
  5798 | D:6      | Killed Pikel
  5799 | D:6      | Reached skill level 8 in Spellcasting
  5916 | D:6      | Reached XP level 9. HP: 45/45 MP: 14/23
  6037 | D:6      | Found a radiant altar of Vehumet.
  6041 | D:6      | Became a worshipper of Vehumet
  6047 | D:6      | Noticed Menkaure
  6052 | D:6      | Killed Menkaure
  6798 | D:7      | Found a staircase to the Ecumenical Temple.
  6811 | D:7      | Reached skill level 9 in Spellcasting
  6990 | D:7      | Found a shimmering altar of Xom.
  7441 | Temple   | Entered the Ecumenical Temple
  7839 | D:8      | Found a staircase to the Lair.
  7976 | D:8      | Reached * piety under Vehumet
  7976 | D:8      | Offered knowledge of Shock by Vehumet.
  8045 | D:8      | Reached XP level 10. HP: 39/50 MP: 13/25
  8211 | D:8      | Reached skill level 10 in Spellcasting
  8240 | D:8      | Noticed Prince Ribbit
  8246 | D:8      | Killed Prince Ribbit
  9301 | D:9      | Identified the +3 scale mail "Tosi" {MP+9 Int+3}
  9502 | D:9      | Found a shadowy altar of Dithmenos.
  9820 | D:10     | Entered Level 10 of the Dungeon
  9847 | D:10     | Reached skill level 10 in Dodging
  9847 | D:10     | Reached skill level 11 in Spellcasting
  9987 | D:10     | Found Vylaclig's Weapon Emporium.
 10269 | D:10     | Offered knowledge of Sandblast by Vehumet.
 10271 | D:10     | Reached ** piety under Vehumet
 10860 | D:11     | Found a frozen archway.
 10865 | IceCv    | Entered an ice cave
 10888 | IceCv    | Reached skill level 10 in Fire Magic
 10973 | IceCv    | Reached XP level 11. HP: 54/54 MP: 19/28
 11663 | IceCv    | Reached skill level 12 in Spellcasting
 11740 | IceCv    | Reached skill level 10 in Conjurations
 11935 | IceCv    | Engulfed by a cloud of freezing vapour

Illustrated notes

Levels and vault maps discovered:
D:1:      dpeg_arrival_long_road, layout_loops_ring, minmay_bisected
D:2:      layout_loops_cross, serial_shops, nicolae_square_shop, shop, shop,
          amcnicky_mini_corridor_feature, patterned_corridor, uniq_natasha
D:3:      layout_basic, tso_oasis_becter, grunt_gozag_breadcrumbs,
          okawaru_metal_pillars_1_2, trog_book, mrwooster_statue_mirror
D:4:      layout_loops_cross, lightli_sewer_entry_pipes,
          chequers_serial_rivers_room_b
D:5:      layout_loops_ring, chequers_temple_overflow_minitemple
D:6:      layout_basic, mainiacjoe_overflow_alcove_1, uniq_menkaure, uniq_pikel
D:7:      layout_basic, kennysheep_mini_moat, minmay_temple_entry_butterflies
D:8:      cheibrodos_steamvent, layout_loops_cross,
          grunt_lair_entry_orc_guard_hut, uniq_prince_ribbit1
D:9:      layout_small_grid, nicolae_overflow_crystal_walls, the_hattery
D:10:     layout_loops_ring, serial_shops, shop, hangedman_decor_push,
          kennysheep_nub
D:11:     layout_basic, portal_ice_cave_entry_pillars_1, uniq_psyche,
          uniq_erolcha
Temple:   hellmonk_temple_of_storms
IceCv:    ice_cave_caverns_01

Skill      XL: |  1  2  3  4  5  6  7  8  9 10 11 |
---------------+----------------------------------+-----
Dodging        | 3 4 5 6 7 9 10 11 | 11.1
Conjurations   | 2 3 4 5 6 7 9 10 | 10.0
Spellcasting   | 4 5 6 8 9 11 12 | 12.2
Fire Magic     | 4 5 6 7 8 10 | 10.6
Stealth        | |  2.4

Action                     |  1- 3 |  4- 6 |  7- 9 | 10-12 || total
---------------------------+-------+-------+-------+-------++-------
  Melee: Dagger            |       |       |     2 |     1 ||     3
  Throw: Throwing net      |       |     1 |       |       ||     1
   Cast: Foxfire           |    43 |   115 |    78 |    73 ||   309
         Scorch            |       |    17 |   120 |    91 ||   228
         Flame Wave        |       |       |     2 |    16 ||    18
    Use: Scroll            |       |     4 |       |       ||     4
 Armour: Robe              |       |     5 |       |     9 ||    14
  Dodge: Dodged            |     6 |    28 |    40 |    75 ||   149
         Repelled          |       |       |       |     1 ||     1

Table legend: (Time is in decaauts)
 A = Elapsed time spent in this place.
 B = Non-inter-level travel time spent in this place.
 C = Inter-level travel time spent in this place.
 D = Time resting spent in this place.
 E = Time spent auto-exploring this place.
 F = Levels seen in this place.
 G = Mean time per level.
                   A        B        C        D        E       F      G
               +--------+--------+--------+--------+--------+-----+--------+
         Total |  11970 |  11605 |    365 |   2480 |   7587 |  13 |  920.8 |
       Dungeon |  10859 |  10500 |    359 |   1744 |   7402 |  11 |  987.2 |
        Temple |     40 |     34 |      6 |      0 |     24 |   1 |   40.0 |
      Ice Cave |   1069 |   1069 |      0 |    736 |    161 |   1 | 1069.0 |
               +--------+--------+--------+--------+--------+-----+--------+

Top non-repeatable levels by time:
     D:4: 1325 daAuts
     D:8: 1289 daAuts
     D:5: 1234 daAuts
     D:6: 1216 daAuts
     D:9: 1085 daAuts
   IceCv: 1069 daAuts
     D:2: 1019 daAuts
     D:7: 998 daAuts
    D:10: 982 daAuts
     D:1: 895 daAuts
     D:3: 806 daAuts
  Temple: 40 daAuts
    D:11: 7 daAuts
